 Dungeon Crawl Stone Soup version 0.28.0 (webtiles) character file.

Game seed: 8444975013697371943

74 spaghetti the Sneak (level 4, -1/27 HPs)
             Began as an Octopode Delver on Feb 18, 2022.
             Was an Initiate of Vehumet.
             Slain by an ufetubus (4 damage)
             ... on level 5 of the Dungeon.
             The game lasted 00:01:26 (555 turns).

spaghetti the Sneak (Octopode Delver)                Turns: 555, Time: 00:01:27

Health: -1/27      AC:  1    Str: 11    XL:     4   Next: 30%
Magic:  4/4        EV: 13    Int: 14    God:    Vehumet [......]
Gold:   16         SH:  5    Dex: 13    Spells: 3/3 levels left

rFire   . . .      SeeInvis .   a - +0 falchion
rCold   . . .      Faith    .   h - +0 buckler
rNeg    . . .      Spirit   .   (helmet restricted)
rPois   .          Reflect  .   (no amulet)
rElec   .          Harm     .   (no ring)
rCorr   .          Rampage  .   (no ring)
Will    .....      Clarity  +   (no ring)
Stlth   ++++...... Rnd*Tele +   (no ring)
HPRegen 0.09/turn               (no ring)
MPRegen 0.09/turn               (no ring)
                                (no ring)
                                (no ring)

@: no status effects
A: almost no armour, amphibious, 8 rings, camouflage 1, gelatinous body 1,
(nimble swimmer 1), tentacles, clarity, frail 1, teleportitis 1
a: Renounce Religion


You were on level 5 of the Dungeon.
You worshipped Vehumet.
Vehumet was noncommittal.
You visited 1 branch of the dungeon, and saw 3 of its levels.

You collected 16 gold pieces.

Inventory:

Hand Weapons
 a - a +0 falchion (weapon)
Armour
 h - a +0 buckler (worn)
Magical Staves
 j - a staff of cold
Wands
 f - a wand of digging (3)
Scrolls
 b - a scroll of fog
 c - a scroll of magic mapping
 d - a scroll of fear
 g - a scroll of blinking {unknown}
 i - a scroll of enchant weapon {unknown}
Potions
 e - a potion of haste


   Skills:
 - Level 3.0 Fighting
 - Level 2.0 Long Blades
 - Level 2.0 Dodging
 - Level 6.6 Stealth
 + Level 3.8 Shields


You had 3 spell levels left.
You didn't know any spells.
Your spell library contained the following spells:

 Spells                   Type           Power      Damage    Failure   Level
 Corpse Rot               Necr/Air       0%         N/A       50%         2
 Poisonous Vapours        Pois/Air       0%         N/A       50%         2


Dungeon Overview and Level Annotations

Branches:
Dungeon (6/15)
 Temple: D:4-7

Altars:
Vehumet

Annotations:
D:5 exclusion: statue


Innate Abilities, Weirdness & Mutations

You cannot wear most types of armour.
You are amphibious.
You can wear up to eight rings at the same time.
Your skin changes colour to match your surroundings (Stealth+).
Your rubbery body absorbs attacks. (AC +1, EV +1)
((You are camouflaged when in or above water. (Stealth+)))
You have tentacles for arms and can constrict up to eight enemies at once.
You possess an exceptional clarity of mind.
You are frail. (-10% HP)
You are occasionally teleported next to monsters.


Message History

An orc comes into view. It is wielding a +0 mace.
You miss the ufetubus. Your grab misses the ufetubus.
Your tentacle-slap misses the ufetubus.
The ufetubus hits you. x3
The ufetubus barely misses you.
You closely miss the ufetubus. Your grab misses the ufetubus.
Your squeeze misses the ufetubus. The ufetubus hits you.
The ufetubus misses you. x2; The ufetubus hits you.
You are too injured to fight recklessly!
You are too injured to fight recklessly!
You are too injured to fight recklessly!
You are too injured to fight recklessly!
You are too injured to fight recklessly!
You are too injured to fight recklessly!
You are too injured to fight recklessly!
You are too injured to fight recklessly!
You are too injured to fight recklessly!
You are too injured to fight recklessly!
You are too injured to fight recklessly!
You are too injured to fight recklessly!
You are too injured to fight recklessly!
You are too injured to fight recklessly!
You are too injured to fight recklessly!
You are too injured to fight recklessly!
You are too injured to fight recklessly!
Unknown command.
It was a potion of mutation.
You feel extremely strange.
You feel frail.
You feel weirdly uncertain.
Your thoughts seem clearer.
The ufetubus hits you. x2
* * * LOW HITPOINT WARNING * * *
Okay, then.
The ufetubus misses you. The ufetubus barely misses you.
The ufetubus closely misses you. x2
The ufetubus barely misses you. The ufetubus completely misses you.
You see here a rat corpse.
The ufetubus closely misses you. x2
You hear the quick rusting of a drain.
The ufetubus hits you.
* * * LOW HITPOINT WARNING * * *
The ufetubus hits you.
You die...

#........#
#.+##'...#
#≈≈#...# ...
..##≈r##..#
.o. #.#≈rr
#..# ....
#.#≈≈r #..#
.....
#.##≈≈##.##
...##..#≈≈#..#
....##++##@#
#..# #5#
#..######.#
#......†..#
#....######
######


You could see an ufetubus.

Vanquished Creatures
  A water moccasin zombie (D:5)
  A hound zombie (D:5)
  A quokka (D:5)
  2 rats (D:5)
5 creatures vanquished.

Notes
Turn   | Place    | Note
-------+----------+-------------------------------------------
     0 | D:5      | spaghetti the Octopode Delver began the quest for the Orb.
     0 | D:5      | Reached XP level 1. HP: 16/16 MP: 1/1
    34 | D:5      | Found a radiant altar of Vehumet.
    34 | D:5      | Noticed a charred statue
    40 | D:5      | Became a worshipper of Vehumet
   237 | D:5      | Reached XP level 2. HP: 13/21 MP: 2/2
   383 | D:5      | Reached XP level 3. HP: 17/26 MP: 3/3
   383 | D:5      | Reached XP level 4. HP: 21/31 MP: 4/4
   546 | D:5      | Gained mutation: You are frail. (-10% HP) [potion of
                  | mutation]
   546 | D:5      | Gained mutation: You are occasionally teleported next to
                  | monsters. [potion of mutation]
   546 | D:5      | Gained mutation: You possess an exceptional clarity of
                  | mind. [potion of mutation]
   555 | D:5      | Slain by an ufetubus

Illustrated notes

Levels and vault maps discovered:
D:4:      minmay_goblin_kobold_castle, layout_basic,
          mainiacjoe_overflow_tiny_flanked, nicolae_qazlal_style_of_elements,
          minmay_temple_entry_butterflies, kennysheep_generic_room_13
D:5:      layout_basic, vehumet_statue, gup_sewer_entry_bowl,
          minmay_misc_feat_cross, uniq_crazy_yiuf_cottage
D:6:      layout_loops_ring, mainiacjoe_overflow_brackets

Skill      XL: |  1  2 |
---------------+-------+-----
Shields        | 2 3 |  3.8
Fighting       | |  3.0
Long Blades    | |  2.0
Dodging        | |  2.0
Stealth        | |  6.6

Action                   |  1- 3 |  4- 6 || total
-------------------------+-------+-------++-------
Melee: Falchion          |    13 |     7 ||    20
       Constrict         |     2 |     1 ||     3
       Tentacles         |     5 |       ||     5
  Use: Potion            |       |     1 ||     1
 Stab: Sleeping          |     2 |       ||     2
Armor: Skin              |     3 |       ||     3
Dodge: Dodged            |     5 |    14 ||    19
Block: Buckler           |     3 |       ||     3
